 Dungeon Crawl Stone Soup version 0.29.0-4-gdea44cf6ec (webtiles) character file.

Game seed: 16310634180935957798

6675 qw the Grappler (level 10, -2/96 HPs)
             Began as a Troll Cinder Acolyte on Aug 31, 2022.
             Was a Follower of Ignis.
             Slain by a wyvern (14 damage)
             ... on level 9 of the Dungeon.
             The game lasted 00:04:40 (7723 turns).

qw the Grappler (Troll Cinder Acolyte)              Turns: 7723, Time: 00:04:41

Health: -2/96      AC: 16    Str: 27    XL:     10   Next: 73%
Magic:  10/10      EV:  9    Int: 14    God:    Ignis [*.....]
Gold:   219        SH:  0    Dex:  2    Spells: 11/11 levels left

rFire   + . .      SeeInvis .     - Unarmed
rCold   . . .      Faith    .   (no shield)
rNeg    . . .      Spirit   .   s - +1 acid dragon scales
rPois   .          Reflect  .   (helmet restricted)
rElec   .          Harm     .   (no cloak)
rCorr   +          Rampage  .   (gloves unavailable)
Will    .....                   (boots unavailable)
Stlth   ..........              h - amulet of the acrobat
HPRegen 1.06/turn               (no ring)
MPRegen 0.12/turn               (no ring)

@: fiery-armoured
A: large, unfitting armour, claws 3, regeneration 1, shaggy fur 1, tough skin 1,
clever 1, clumsy 1, screaming 1
a: Renounce Religion, Fiery Armour, Foxfire Swarm, Rising Flame


You were on level 9 of the Dungeon.
You worshipped Ignis.
Ignis was aware of your devotion.
You visited 1 branch of the dungeon, and saw 9 of its levels.
You also visited: Sewer.

You collected 459 gold pieces.
You spent 240 gold pieces at shops.


Innate Abilities, Weirdness & Mutations

You are too large for most types of armour.
You have claws for hands.
Your natural rate of healing is unusually fast.
You are covered in fur. (AC +1)
You have tough skin. (AC +1)
Your mind is acute. (Int +4, Str/Dex -1)
You are clumsy. (Dex -2)
You occasionally shout uncontrollably at your foes.


   Skills:
 + Level 5.5 Fighting
 - Level 5.2 Throwing
 - Level 2.1 Armour
 - Level 14.0 Unarmed Combat
 - Level 1.0 Spellcasting
 - Level 2.1 Fire Magic


You had 11 spell levels left.
You didn't know any spells.
Your spell library contained the following spells:

 Spells                   Type           Power      Damage    Failure   Level
 Scorch                   Fire           12%        2d5       19%         2

Inventory:

Armour
 s - +1 acid dragon scales (worn)
Jewellery
 a - a +4 ring of evasion
 h - an amulet of the acrobat (around neck)
Scrolls
 i - a scroll of identify
Potions
 b - 3 potions of mutation
 e - 6 potions of curing
 f - a potion of cancellation
 g - 3 potions of haste
 o - a potion of might
 p - a potion of attraction {unknown}

Dungeon Overview and Level Annotations

Branches:
Dungeon (9/15)             Temple (0/1) D:6           Sewer (visited)
   Lair: D:8-11         Orc: D:9-12

Altars:
Cheibriados
Elyvilon
Sif Muna
Vehumet

Shops:
D:3 (   D:6 !!

Annotations:
D:8 2 transporters


Message History

The warg is moderately wounded.
The wyvern bites you but does no damage.
The wyvern is burned by your cloak of flames.
The wyvern is moderately wounded.
The warg bites you.
The warg is burned by your cloak of flames.
The warg is moderately wounded.
The warg bites you but does no damage.
The warg is burned by your cloak of flames.
The warg is lightly wounded.
The wyvern closely misses you.
You barely miss the warg.
The warg is moderately wounded.
The warg barely misses you. The warg bites you!
The warg is burned by your cloak of flames.
The warg is heavily wounded.
The wyvern misses you.
You closely miss the warg.
The warg is heavily wounded.
The warg bites you. The wyvern bites you. The warg barely misses you.
You barely miss the warg.
The warg is heavily wounded.
The warg bites you but does no damage.
The warg is burned by your cloak of flames.
The warg is heavily wounded.
The wyvern completely misses you. The warg bites you but does no damage.
The warg is burned by your cloak of flames.
The warg is heavily wounded.
You mangle the warg!!
You kill the warg!
The wyvern bites you!
The wyvern is burned by your cloak of flames.
The wyvern is moderately wounded.
The warg bites you!
The warg is burned by your cloak of flames.
The warg is heavily wounded.
You scratch the warg but do no damage.
The warg is heavily wounded.
The wyvern bites you!
You die...

##..## #..## #...#
#.## ##..## #.#
#..)# ##..#
##...###....#
.####.....#...#.#
..............#.#
.......%........#
......%h@.#.[....#
(.(..?%l%.##......#
...................
...................
#....[.........#...
###...##...?.#####.
#... ##....# ##..
....... ##. ......


You could see a warg and a wyvern.

Vanquished Creatures
  A hydra (D:8)
  A two-headed ogre (D:8)
  Joseph (D:7)
  A hornet (D:7)
  Sigmund (D:6)
  A vampire (D:8)
  A wyvern (D:7)
  A steam dragon (D:9)
  3 wargs (D:9)
  An acid dragon (D:8)
  Duvessa (D:6)
  2 water moccasins
  2 black bears
  Pargi (Sewer)
  An orc warrior (D:8)
  An ice beast (D:7)
  2 sky beasts
  A centaur (D:7)
  A phantom (D:5)
  Blork the orc (D:6)
  3 kobold brigands
  3 bullfrogs (D:7)
  2 necrophages (D:5)
  A scorpion (D:5)
  10 wights
  Dowan (D:6)
  6 killer bees (D:8)
  4 howler monkeys
  3 hounds
  A jelly (D:6)
  6 orc priests
  6 iguanas
  12 orc wizards
  2 hell rats (D:7)
  7 gnolls (D:5)
  8 adders
  11 river rats
  A worm (D:2)
  3 dart slugs
  33 orcs
  8 ball pythons
  6 endoplasms
  3 giant cockroaches
  5 goblins
  8 hobgoblins
  5 jackals
  11 quokkas
  6 bats
  12 frilled lizards
  23 kobolds
  22 rats
257 creatures vanquished.

Notes
Turn   | Place    | Note
-------+----------+-------------------------------------------
     0 | D:1      | qw the Troll Cinder Acolyte began the quest for the Orb.
     0 | D:1      | Reached XP level 1. HP: 22/22 MP: 1/1
     0 | D:1      | 0 ||| qw: Version: 0.1-a-97-g2dd2ca4
     0 | D:1      | 0 ||| qw: Game counter: 4475
     0 | D:1      | 0 ||| qw: Always use a shield: true
     0 | D:1      | 0 ||| qw: God list: Okawaru
     0 | D:1      | 0 ||| qw: Allow faded altars: false
     0 | D:1      | 0 ||| qw: Do Orc after D:15 true
     0 | D:1      | 0 ||| qw: Do second Lair branch before Depths: true
     0 | D:1      | 0 ||| qw: Lair rune preference: random
     0 | D:1      | 0 ||| qw: Plans: Normal
     0 | D:1      | 0 ||| PLANNING D:1-11
   238 | D:1      | 238 ||| Stepping ~*~*~tactically~*~*~ (hiding).
   243 | D:1      | 243 ||| Stepping ~*~*~tactically~*~*~ (outnumbered).
   252 | D:1      | Reached XP level 2. HP: 29/29 MP: 2/2
   436 | D:1      | 436 ||| READING scroll labelled NUVVEX CIQOCH.
   439 | D:1      | 439 ||| READING scroll labelled YWU XAUQANKOE.
   440 | D:1      | 440 ||| DRINKING 2 fuming emerald potions.
   470 | D:2      | Reached skill level 4 in Unarmed Combat
   478 | D:2      | Found a snail-covered altar of Cheibriados.
   502 | D:2      | 502 ||| Stepping ~*~*~tactically~*~*~ (stealth).
   507 | D:2      | 507 ||| Stepping ~*~*~tactically~*~*~ (stealth).
   624 | D:2      | Reached skill level 1 in Throwing
   624 | D:2      | Reached XP level 3. HP: 35/36 MP: 3/3
   668 | D:2      | You fall into a shaft and drop 2 floors!
   674 | D:3      | 674 ||| PLANNING SEWER
   713 | D:3      | 713 ||| Stepping ~*~*~tactically~*~*~ (stealth).
   735 | D:3      | 735 ||| Stepping ~*~*~tactically~*~*~ (stealth).
   802 | D:3      | 802 ||| INVOKING Fiery Armour.
   803 | D:3      | 803 ||| Stepping ~*~*~tactically~*~*~ (outnumbered).
   810 | D:3      | Reached XP level 4. HP: 42/44 MP: 4/4
   883 | D:3      | Reached skill level 5 in Unarmed Combat
   922 | D:3      | Reached XP level 5. HP: 50/50 MP: 5/5
   926 | D:3      | 926 ||| Stepping ~*~*~tactically~*~*~ (outnumbered).
   927 | D:3      | 927 ||| Stepping ~*~*~tactically~*~*~ (outnumbered).
   931 | D:3      | 931 ||| Stepping ~*~*~tactically~*~*~ (outnumbered).
  1039 | D:3      | Found a glowing drain.
  1041 | D:3      | Reached skill level 6 in Unarmed Combat
  1041 | D:3      | 1041 ||| READING scroll labelled BAMUGH SOUJUBI.
  1042 | D:3      | 1042 ||| READING scroll labelled IXIGIT QAHOUG.
  1049 | Sewer    | Entered a sewer
  1085 | Sewer    | Noticed Pargi
  1093 | Sewer    | Killed Pargi
  1094 | Sewer    | Reached XP level 6. HP: 42/59 MP: 6/6
  1244 | Sewer    | 1244 ||| READING scroll labelled IJUCIUMUPT.
  1245 | Sewer    | 1245 ||| READING scroll labelled FEHUGH CEVAA.
  1246 | Sewer    | 1246 ||| DRINKING 3 smoky green potions.
  1246 | Sewer    | Gained mutation: Your mind is acute. (Int +4, Str/Dex -1)
                  | [potion of mutation]
  1246 | Sewer    | Gained mutation: You are clumsy. (Dex -2) [potion of
                  | mutation]
  1246 | Sewer    | Gained mutation: You occasionally shout uncontrollably at
                  | your foes. [potion of mutation]
  1247 | Sewer    | 1247 ||| DRINKING 2 grey potions.
  1248 | Sewer    | 1248 ||| DROPPING potion of magic.
  1262 | D:3      | 1262 ||| PLANNING D:1-11
  1570 | D:2      | 1570 ||| Stepping ~*~*~tactically~*~*~ (stealth).
  1664 | D:2      | 1664 ||| Stepping ~*~*~tactically~*~*~ (stealth).
  1691 | D:2      | 1691 ||| Stepping ~*~*~tactically~*~*~ (hiding).
  1717 | D:2      | 1717 ||| READING scroll labelled XEGIOR SATU.
  1734 | D:3      | Found Ajecleq's Antique Weapon Shop.
  1803 | D:3      | 1803 ||| FLEEEEING.
  1804 | D:3      | 1804 ||| Stepping ~*~*~tactically~*~*~ (stealth).
  1810 | D:3      | 1810 ||| Stepping ~*~*~tactically~*~*~ (stealth).
  2595 | D:4      | 2595 ||| FLEEEEING.
  2601 | D:4      | Reached skill level 7 in Unarmed Combat
  2786 | D:4      | Reached XP level 7. HP: 66/66 MP: 7/7
  3136 | D:4      | 3136 ||| READING scroll labelled ECOIBRYMAY.
  3137 | D:4      | 3137 ||| READING scroll labelled XUBLEC EJUES.
  3138 | D:4      | 3138 ||| READING 2 scrolls of identify.
  3138 | D:4      | 3138 ||| IDENTIFYING cyan potion
  3139 | D:4      | 3139 ||| DROPPING potion of degeneration.
  3158 | D:5      | Entered Level 5 of the Dungeon
  3165 | D:5      | 3165 ||| INVOKING Fiery Armour.
  3173 | D:5      | HP: 7/66 [orc priest/divine providence (12)]
  3174 | D:5      | 3174 ||| READING 2 scrolls of teleportation.
  3179 | D:5      | 3179 ||| READING scroll of teleportation.
  3179 | D:5      | HP: 7/66 [orc wizard/+0 dagger (1)]
  3186 | D:5      | HP: 9/66 [necrophage (4)]
  3277 | D:5      | 3277 ||| Stepping ~*~*~tactically~*~*~ (hiding).
  3284 | D:5      | Reached skill level 8 in Unarmed Combat
  3299 | D:5      | 3299 ||| Invisible monster not found???
  3340 | D:5      | Reached skill level 3 in Fighting
  3342 | D:5      | Reached skill level 3 in Throwing
  3369 | D:5      | Found a radiant altar of Vehumet.
  3514 | D:5      | 3514 ||| Stepping ~*~*~tactically~*~*~ (hiding).
  3525 | D:5      | Reached XP level 8. HP: 61/75 MP: 8/8
  3525 | D:5      | 3525 ||| Stepping ~*~*~tactically~*~*~ (outnumbered).
  3529 | D:5      | 3529 ||| INVOKING Fiery Armour.
  3530 | D:5      | HP: 17/75 [gnoll/+0 halberd (9)]
  3531 | D:5      | 3531 ||| READING scroll of teleportation.
  3629 | D:5      | Reached skill level 9 in Unarmed Combat
  3667 | D:5      | 3667 ||| Stepping ~*~*~tactically~*~*~ (hiding).
  3861 | D:5      | 3861 ||| Stepping ~*~*~tactically~*~*~ (stealth).
  3988 | D:5      | 3988 ||| DROPPING +6 ring of intelligence.
  3989 | D:5      | 3989 ||| READING scroll labelled DITUTE BALYWAI.
  4024 | D:5      | 4024 ||| DRINKING 2 fuming blue potions.
  4025 | D:5      | 4025 ||| READING 2 scrolls of identify.
  4025 | D:5      | 4025 ||| IDENTIFYING yellow potion
  4026 | D:5      | 4026 ||| DROPPING potion of brilliance.
  4119 | D:6      | Found Cyenoomp's Distillery.
  4138 | D:6      | 4138 ||| BUYING potion of curing (30 gold).
  4138 | D:6      | Bought a potion of curing for 30 gold pieces
  4138 | D:6      | 4138 ||| BUYING potion of curing (30 gold).
  4138 | D:6      | Bought a potion of curing for 30 gold pieces
  4138 | D:6      | 4138 ||| BUYING potion of curing (30 gold).
  4138 | D:6      | Bought a potion of curing for 30 gold pieces
  4138 | D:6      | 4138 ||| BUYING potion of haste (100 gold).
  4138 | D:6      | Bought a potion of haste for 100 gold pieces
  4138 | D:6      | 4138 ||| BUYING potion of heal wounds (50 gold).
  4138 | D:6      | Bought a potion of heal wounds for 50 gold pieces
  4138 | D:6      | 4138 ||| SHOPLISTING potion of might (40 gold, have 10).
  4151 | D:6      | Noticed Blork the orc
  4174 | D:6      | Killed Blork the orc
  4204 | D:6      | Noticed Dowan
  4204 | D:6      | Noticed Duvessa
  4205 | D:6      | 4205 ||| INVOKING Fiery Armour.
  4213 | D:6      | Killed Dowan
  4214 | D:6      | Reached skill level 10 in Unarmed Combat
  4219 | D:6      | Killed Duvessa
  4221 | D:6      | HP: 18/78 [poisoned by Duvessa]
  4225 | D:6      | HP: 8/78 [poisoned by Duvessa]
  4230 | D:6      | HP: 6/78 [poisoned by Duvessa]
  4334 | D:6      | Found Tiqor's Distillery.
  4339 | D:6      | 4339 ||| SHOPLISTING 2 potions of curing (84 gold, have
                  | 25).
  4339 | D:6      | 4339 ||| SHOPLISTING potion of cancellation (112 gold, have
                  | 25).
  4339 | D:6      | 4339 ||| SHOPLISTING potion of curing (42 gold, have 25).
  4339 | D:6      | 4339 ||| SHOPLISTING potion of might (56 gold, have 25).
  4352 | D:6      | 4352 ||| Stepping ~*~*~tactically~*~*~ (hiding).
  4365 | D:6      | 4365 ||| Stepping ~*~*~tactically~*~*~ (stealth).
  4387 | D:6      | Noticed Sigmund
  4388 | D:6      | 4388 ||| Stepping ~*~*~tactically~*~*~ (hiding).
  4389 | D:6      | 4389 ||| Stepping ~*~*~tactically~*~*~ (hiding).
  4420 | D:6      | 4420 ||| INVOKING Fiery Armour.
  4422 | D:6      | Killed Sigmund
  4423 | D:6      | 4423 ||| FLEEEEING.
  4426 | D:6      | 4426 ||| FLEEEEING.
  4427 | D:6      | 4427 ||| FLEEEEING.
  4428 | D:6      | 4428 ||| FLEEEEING.
  4432 | D:6      | 4432 ||| FLEEEEING.
  4433 | D:6      | 4433 ||| FLEEEEING.
  4434 | D:6      | 4434 ||| FLEEEEING.
  4435 | D:6      | 4435 ||| FLEEEEING.
  4437 | D:6      | 4437 ||| FLEEEEING.
  4438 | D:6      | 4438 ||| FLEEEEING.
  4439 | D:6      | 4439 ||| FLEEEEING.
  4440 | D:6      | 4440 ||| FLEEEEING.
  4441 | D:6      | 4441 ||| FLEEEEING.
  4442 | D:6      | 4442 ||| FLEEEEING.
  4443 | D:6      | 4443 ||| FLEEEEING.
  4444 | D:6      | 4444 ||| STAIRDANCE
  4460 | D:5      | 4460 ||| READING scroll labelled ITHOISHR ANEKK.
  4461 | D:5      | 4461 ||| READING 2 scrolls of identify.
  4461 | D:5      | 4461 ||| IDENTIFYING bubbling grey potion
  4462 | D:5      | 4462 ||| DROPPING potion of lignification.
  4508 | D:6      | 4508 ||| Stepping ~*~*~tactically~*~*~ (stealth).
  4513 | D:6      | Reached skill level 11 in Unarmed Combat
  4513 | D:6      | Reached XP level 9. HP: 81/84 MP: 9/9
  4517 | D:6      | 4517 ||| Stepping ~*~*~tactically~*~*~ (outnumbered).
  4518 | D:6      | 4518 ||| Stepping ~*~*~tactically~*~*~ (outnumbered).
  4519 | D:6      | 4519 ||| Stepping ~*~*~tactically~*~*~ (outnumbered).
  4537 | D:6      | Found a staircase to the Ecumenical Temple.
  4665 | D:6      | 4665 ||| UPGRADING to +2 robe of positive energy.
  4675 | D:6      | 4675 ||| DROPPING +0 robe.
  4805 | D:7      | 4805 ||| INVOKING Fiery Armour.
  4815 | D:7      | 4815 ||| Stepping ~*~*~tactically~*~*~ (outnumbered).
  4833 | D:7      | 4833 ||| Stepping ~*~*~tactically~*~*~ (outnumbered).
  4834 | D:7      | 4834 ||| Stepping ~*~*~tactically~*~*~ (outnumbered).
  4888 | D:7      | 4888 ||| Stepping ~*~*~tactically~*~*~ (stealth).
  4892 | D:7      | 4892 ||| Stepping ~*~*~tactically~*~*~ (stealth).
  5109 | D:7      | Noticed Joseph
  5110 | D:7      | 5110 ||| FLEEEEING.
  5111 | D:7      | 5111 ||| FLEEEEING.
  5123 | D:7      | 5123 ||| INVOKING Fiery Armour.
  5126 | D:7      | Killed Joseph
  5200 | D:7      | Reached skill level 12 in Unarmed Combat
  5200 | D:7      | 5200 ||| Stepping ~*~*~tactically~*~*~ (hiding).
  5209 | D:7      | 5209 ||| FLEEEEING.
  5371 | D:7      | 5371 ||| Stepping ~*~*~tactically~*~*~ (stealth).
  5372 | D:7      | 5372 ||| Stepping ~*~*~tactically~*~*~ (stealth).
  5384 | D:7      | 5384 ||| Stepping ~*~*~tactically~*~*~ (stealth).
  5385 | D:7      | 5385 ||| Stepping ~*~*~tactically~*~*~ (stealth).
  5386 | D:7      | 5386 ||| Stepping ~*~*~tactically~*~*~ (stealth).
  5611 | D:7      | 5611 ||| Stepping ~*~*~tactically~*~*~ (stealth).
  5838 | D:7      | 5838 ||| UPGRADING to amulet of the acrobat.
  5843 | D:7      | 5843 ||| DROPPING ring of wizardry.
  5883 | D:8      | Found a white marble altar of Elyvilon.
  5888 | D:8      | 5888 ||| Stepping ~*~*~tactically~*~*~ (stealth).
  5890 | D:8      | Noticed a five-headed hydra
  5891 | D:8      | 5891 ||| Stepping ~*~*~tactically~*~*~ (stealth).
  5892 | D:8      | 5892 ||| Stepping ~*~*~tactically~*~*~ (stealth).
  5893 | D:8      | 5893 ||| Stepping ~*~*~tactically~*~*~ (stealth).
  5894 | D:8      | 5894 ||| INVOKING Fiery Armour.
  5899 | D:8      | Killed a nine-headed hydra
  5900 | D:8      | Reached XP level 10. HP: 42/96 MP: 10/10
  5901 | D:8      | 5901 ||| Stepping ~*~*~tactically~*~*~ (outnumbered).
  5902 | D:8      | 5902 ||| Stepping ~*~*~tactically~*~*~ (outnumbered).
  5906 | D:8      | 5906 ||| Stepping ~*~*~tactically~*~*~ (outnumbered).
  6003 | D:8      | 6003 ||| Stepping ~*~*~tactically~*~*~ (stealth).
  6013 | D:8      | 6013 ||| Stepping ~*~*~tactically~*~*~ (stealth).
  6020 | D:8      | 6020 ||| Stepping ~*~*~tactically~*~*~ (outnumbered).
  6021 | D:8      | 6021 ||| Stepping ~*~*~tactically~*~*~ (outnumbered).
  6023 | D:8      | 6023 ||| Stepping ~*~*~tactically~*~*~ (outnumbered).
  6024 | D:8      | 6024 ||| Stepping ~*~*~tactically~*~*~ (outnumbered).
  6029 | D:8      | 6029 ||| INVOKING Fiery Armour.
  6030 | D:8      | HP: 21/84 [wight/+3 hand axe (1)]
  6031 | D:8      | 6031 ||| READING scroll of teleportation.
  6032 | D:8      | 6032 ||| DRINKING 3 potions of heal wounds.
  6148 | D:8      | Noticed a two-headed ogre
  6153 | D:8      | Killed a two-headed ogre
  6154 | D:8      | Reached skill level 13 in Unarmed Combat
  6546 | D:8      | 6546 ||| INVOKING Fiery Armour.
  6547 | D:8      | HP: 24/96 [poisoned by a killer bee]
  6548 | D:8      | 6548 ||| READING scroll of teleportation.
  6548 | D:8      | HP: 10/96 [killer bee (7)]
  6549 | D:8      | 6549 ||| DRINKING 2 potions of heal wounds.
  6552 | D:8      | 6552 ||| DRINKING potion of heal wounds.
  6564 | D:8      | 6564 ||| FLEEEEING.
  6565 | D:8      | 6565 ||| FLEEEEING.
  6572 | D:8      | 6572 ||| STAIRDANCE
  6611 | D:7      | 6611 ||| DROPPING +0 robe of cold resistance.
  6612 | D:7      | 6612 ||| UPGRADING to +0 acid dragon scales.
  6622 | D:7      | 6622 ||| DROPPING +2 robe of positive energy.
  6623 | D:7      | 6623 ||| READING scroll of enchant armour.
  6623 | D:7      | 6623 ||| ENCHANTING +0 acid dragon scales.
  6624 | D:7      | 6624 ||| READING scroll labelled FOTROT ICIURI.
  6625 | D:7      | 6625 ||| READING scroll labelled QUCSISM MUGOMU.
  6626 | D:7      | 6626 ||| READING scroll labelled SASANO VISTAPA.
  6627 | D:7      | 6627 ||| READING 3 scrolls of identify.
  6627 | D:7      | 6627 ||| IDENTIFYING green potion
  6628 | D:7      | 6628 ||| READING 2 scrolls of identify.
  6628 | D:7      | 6628 ||| IDENTIFYING viscous yellow potion
  6629 | D:7      | 6629 ||| DROPPING potion of ambrosia.
  6642 | D:8      | 6642 ||| Stepping ~*~*~tactically~*~*~ (outnumbered).
  6648 | D:8      | Reached skill level 1 in Armour
  6682 | D:8      | Found a transporter.
  6863 | D:8      | Found a transporter.
  7472 | D:8      | 7472 ||| Stepping randomly (stuck).
  7513 | D:9      | 7513 ||| DRINKING 8 potions of curing.
  7513 | D:9      | 7513 ||| (to cure confusion)
  7553 | D:9      | Found a shimmering blue altar of Sif Muna.
  7555 | D:9      | 7555 ||| Stepping ~*~*~tactically~*~*~ (stealth).
  7556 | D:9      | 7556 ||| Stepping ~*~*~tactically~*~*~ (stealth).
  7569 | D:9      | 7569 ||| FLEEEEING.
  7570 | D:9      | 7570 ||| FLEEEEING.
  7572 | D:9      | 7572 ||| FLEEEEING.
  7573 | D:9      | 7573 ||| FLEEEEING.
  7574 | D:9      | 7574 ||| FLEEEEING.
  7577 | D:9      | 7577 ||| FLEEEEING.
  7578 | D:9      | 7578 ||| FLEEEEING.
  7585 | D:9      | 7585 ||| STAIRDANCE
  7589 | D:8      | 7589 ||| DRINKING 7 potions of curing.
  7589 | D:8      | 7589 ||| (to cure confusion)
  7708 | D:9      | 7708 ||| INVOKING Fiery Armour.
  7710 | D:9      | Reached skill level 14 in Unarmed Combat
  7713 | D:9      | 7713 ||| Stepping ~*~*~tactically~*~*~ (outnumbered).
  7722 | D:9      | HP: 23/96 [wyvern (7)]
  7722 | D:9      | HP: 11/96 [warg (12)]
  7723 | D:9      | Slain by a wyvern

Levels and vault maps discovered:
D:1:      minmay_arrival_nine_rooms, layout_rooms, minmay_tromino_v4_b
D:2:      layout_loops_cross, basic_altar, kennysheep_cluttered_room
D:3:      layout_loops_ring, serial_shops, nicolae_shop_hallway_plus,
          lightli_sewer_entry_pipes
D:4:      layout_basic
D:5:      layout_basic, lemuel_crystal_altar, kennysheep_generic_room_15
D:6:      layout_basic, minmay_temple_entry_offerings, serial_shops,
          nicolae_shop_hallway_plus, nicolae_shop_trees, uniq_sigmund,
          uniq_duvessa, uniq_blork_the_orc
D:7:      lemuel_ratsnest, layout_loops_ring, lightli_orcish_oven, uniq_joseph
D:8:      layout_layer_cave, kennysheep_little_box, nicolae_diode_stairs
D:9:      minmay_the_grid_octo_triangle [minmay_the_grid_octo_clover_2,
          minmay_the_grid_octo_prize_single_spiral,
          minmay_the_grid_octo_odd_swirl], layout_layer_cave,
          mainiacjoe_overflow_small_starburst, minmay_orc_entry_guard_dogs

Skill      XL: |  1  2  3  4  5  6  7  8  9 10 |
---------------+-------------------------------+-----
Unarmed Combat | 4 5 6 7 8 11 12 14 | 14.0
Throwing       | 1 2 3 5 |  5.2
Fighting       | 3 4 5 |  5.5
Armour         | 2 |  2.1
Spellcasting   | |  1.0
Fire Magic     | |  2.1

Action                   |  1- 3 |  4- 6 |  7- 9 | 10-12 || total
-------------------------+-------+-------+-------+-------++-------
Melee: Unarmed           |    94 |   157 |   257 |   143 ||   651
       Punch             |     1 |     2 |     8 |     4 ||    15
Throw: Large rock        |    11 |    34 |    47 |    13 ||   105
       Boomerang         |       |       |     1 |       ||     1
Invok: Fiery Armour      |     1 |       |     7 |     3 ||    11
  Use: Scroll            |     2 |     5 |    10 |     8 ||    25
       Potion            |     1 |     2 |     1 |     5 ||     9
Armor: Robe              |    41 |    38 |    66 |    25 ||   170
       Acid dragon scale |       |       |       |    41 ||    41
Dodge: Dodged            |    48 |    47 |    79 |    77 ||   251

Table legend:
 A = Non-vault XP
 B = Vault XP
 C = Vault XP percentage of total XP
 D = Non-vault monster count
 E = Vault monster count
 F = Vault count percentage of total count
                 A         B        C        D         E       F
            +---------+---------+-------+---------+---------+-------
      Total |    7385 |    2151 |  22.6 |     191 |      66 |  25.7
            +---------+---------+-------+---------+---------+-------
        D:1 |      23 |       2 |   8.0 |      15 |       1 |   6.2
        D:2 |      63 |       0 |   0.0 |      21 |       0 |   0.0
        D:3 |     196 |      92 |  31.9 |      33 |       8 |  19.5
        D:4 |     210 |       0 |   0.0 |      16 |       0 |   0.0
        D:5 |     993 |      35 |   3.4 |      25 |       1 |   3.8
        D:6 |     559 |     560 |  50.0 |      24 |       4 |  14.3
        D:7 |    1349 |     809 |  37.5 |      12 |      39 |  76.5
        D:8 |    3475 |       0 |   0.0 |      32 |       0 |   0.0
        D:9 |     517 |     500 |  49.2 |      13 |       3 |  18.8
      Sewer |       0 |     153 | 100.0 |       0 |      10 | 100.0
            +---------+---------+-------+---------+---------+-------
